 Dungeon Crawl Stone Soup version 0.29-a0-121-g8efb068a30 (webtiles) character file.

Game seed: 17274174418440621924

48063 ZeroWinrate the Slicer (level 14, -10/109 HPs)
             Began as a Gnoll Wanderer on Feb 20, 2022.
             Was an Initiate of Gozag.
             Mangled by a thrashing horror (12 damage)
             ... on level 3 of the Abyss.
             The game lasted 00:45:50 (14240 turns).

ZeroWinrate the Slicer (Gnoll Wanderer)            Turns: 14240, Time: 00:45:50

Health: -10/109    AC: 11    Str: 14    XL:     14   Next: 44%
Magic:  26/26      EV: 17    Int: 18    God:    Gozag
Gold:   340        SH:  0    Dex: 20    Spells: 11/30 levels left

rFire   . . .      SeeInvis +   E - +3 dagger (flame)
rCold   . . .      Faith    .   (no shield)
rNeg    . . .      Spirit   .   f - +0 leather armour
rPois   .          Reflect  .   (no helmet)
rElec   .          Harm     .   (no cloak)
rCorr   .          Rampage  .   w - +0 pair of gloves
Will    +....                   (no boots)
Stlth   ++++......              v - amulet of regeneration
HPRegen 0.00/turn               l - ring "Rarir" {AC+4 Int+3 Dex+7}
MPRegen 0.20/turn               q - ring of see invisible

@: sick
A: fangs 1, strong nose, distributed training, iridescent scales 1, agile 1,
sense surroundings 1, MP-powered wands
a: Renounce Religion, Potion Petition, Call Merchant, Bribe Branch


You were on level 3 of the Abyss.
You worshipped Gozag.
Gozag was aware of your devotion.
You visited 2 branches of the dungeon, and saw 16 of its levels.
You visited the Abyss 1 time.
You also visited: Bailey and Ice Cave.

You collected 1935 gold pieces.
You spent 373 gold pieces at shops.
You paid 1222 gold pieces to Gozag.

Inventory:

Hand Weapons
 b - a +0 shortbow
 E - a +3 dagger of flaming (weapon)
 H - a +6 short sword
Missiles
 c - 258 arrows
 d - 17 poisoned darts (quivered)
Armour
 f - a +0 leather armour (worn)
 w - a +0 pair of gloves (worn)
Jewellery
 l - the ring "Rarir" (left hand) {AC+4 Int+3 Dex+7}
   (You found it on level 2 of the Dungeon)

   [ring of protection]

   AC:        It affects your AC (+4).
   Int:       It affects your intelligence (+3).
   Dex:       It affects your dexterity (+7).
 o - an amulet of magic regeneration
 q - a ring of see invisible (right hand)
 s - an amulet of reflection
 t - a ring of wizardry
 v - an amulet of regeneration (around neck)
 F - a ring of protection from cold
 I - a +6 ring of intelligence
 L - a ring of protection from cold
 M - a +6 ring of intelligence
 O - a ring of flight
 P - a ring of magical power
Wands
 e - a wand of polymorph (6)
 p - a wand of digging (7)
 u - a wand of mindburst (12)
 B - a wand of iceblast (3)
 C - a wand of flame (19)
Scrolls
 g - 3 scrolls of fog
 h - 3 scrolls of teleportation
 m - a scroll of silence
 y - 2 scrolls of identify
 z - a scroll of enchant weapon
 K - a scroll of vulnerability
Potions
 j - a potion of mutation
 k - 3 potions of might
 n - 6 potions of magic
 r - 6 potions of flight
 A - 2 potions of brilliance {unknown}
 D - 2 potions of resistance
 G - a potion of cancellation {unknown}
 J - 2 potions of curing {unknown}
Miscellaneous
 N - a tin of tremorstones (1/2)


   Skills:
 + Level 9.9 Fighting
 + Level 12.1 Short Blades
 + Level 8.7 Long Blades
 + Level 8.7 Axes
 + Level 8.7 Maces & Flails
 + Level 8.7 Polearms
 + Level 8.7 Staves
 + Level 8.7 Slings
 + Level 9.9 Bows
 + Level 8.7 Crossbows
 + Level 9.2 Throwing
 + Level 9.2 Armour
 + Level 8.7 Dodging
 + Level 8.7 Stealth
 + Level 8.7 Shields
 + Level 8.7 Unarmed Combat
 + Level 8.7 Spellcasting
 + Level 7.3 Conjurations
 + Level 7.3 Hexes
 + Level 7.3 Summonings
 + Level 7.3 Necromancy
 + Level 7.3 Translocations
 + Level 7.3 Transmutations
 + Level 7.3 Fire Magic
 + Level 7.3 Ice Magic
 + Level 7.3 Air Magic
 + Level 7.3 Earth Magic
 + Level 7.3 Poison Magic
 + Level 9.5 Invocations
 + Level 8.7 Evocations


You had 11 spell levels left.
You knew the following spells:

 Your Spells              Type           Power      Damage    Failure   Level
a - Summon Small Mammal   Summ           100%       N/A       1%          1
b - Call Canine Familiar  Summ           34%        N/A       1%          3
c - Summon Guardian Gole  Hex/Summ       34%        N/A       1%          3
d - Excruciating Wounds   Necr           17%        N/A       14%         5
e - Ozocubu's Armour      Ice            34%        N/A       1%          3
f - Petrify               Tmut/Erth      34%        N/A       5%          4

Your spell library contained the following spells:

 Spells                   Type           Power      Damage    Failure   Level
 Shock                    Conj/Air       100%       1d9       1%          1
 Gell's Gravitas          Tloc           34%        N/A       1%          3
 Portal Projectile        Hex/Tloc       68%        N/A       1%          3
 Spider Form              Tmut/Pois      34%        N/A       1%          3
 Teleport Other           Tloc           34%        N/A       1%          3
 Blade Hands              Tmut           17%        N/A       14%         5
 Dispersal                Tloc           17%        N/A       63%         6
 Ozocubu's Refrigeration  Ice            17%        4d8       99%         7
 Necromutation            Tmut/Necr      17%        N/A       100%        8


Dungeon Overview and Level Annotations

Branches:
Dungeon (15/15)            Temple (1/1) D:4          Vaults (0/5) D:13
 Bailey (visited)           IceCv (visited)
   Lair: D:8-11         Orc: D:9-12      Depths: D:15

Altars:
Ashenzari
Cheibriados
Dithmenos
Elyvilon
Fedhas
Gozag
Hepliaklqana
Kikubaaqudgha
Makhleb
Nemelex Xobeh
Okawaru
Qazlal
Ru
Sif Muna
Trog
Uskayaw
Vehumet
Wu Jian
Xom
Yredelemnul
Zin
The Shining One

Shops:
D:2 ::[*   D:5 ?   D:7 ?(!   D:14 (

Annotations:
D:2 1 runed translucent door, Crazy Yiuf
D:7 2 transporters, Zankyou's ghost, novice DEFE
D:8 Harold
D:10 Nergalle
D:12 Josephine
D:14 3 runed translucent doors, Onwo's ghost, journeyman DDNe
D:15 Louise


Innate Abilities, Weirdness & Mutations

You have very sharp teeth.
Your uncanny sense of smell can sniff out nearby items.
Your experience applies equally to all skills.
You are partially covered in iridescent scales. (AC +2)
You are agile. (Dex +2)
You passively map a small area around you.
You expend magic power (3 MP) to strengthen your wands.


Message History

The thrashing horror tramples you but does no damage. x2
The water elemental barely misses you.
Unknown command.
Unknown command.
You slip free of the water engulfing you.
You gasp with relief as air once again reaches your lungs.
The thrashing horror roars!
The thrashing horror tramples you but does no damage.
The thrashing horror completely misses you.
Unknown command.
Unknown command.
Unknown command.
The thrashing horror misses you. The thrashing horror barely misses you.
Unknown command.
Unknown command.
Unknown command.
Unknown command.
A raiju comes into view. 2 raiju come into view.
Okay, then.
Unknown command.
Unknown command.
The thrashing horror tramples you but does no damage.
The thrashing horror tramples you.
* * * LOW HITPOINT WARNING * * *
You stumble backwards!
The raiju barks!
Unknown command.
Unknown command.
Unknown command.
Unknown command.
You hear a bark!
The thrashing horror tramples you!
* * * LOW HITPOINT WARNING * * *
You stumble backwards!
Unknown command.
Unknown command.
The thrashing horror tramples you!
You die...
Your body crumbles into a pile of gold.

## .## ## #.. ####
# ## #.#..#....#
#.#.## #.#...# ..
......##.@# ..##.#
#...#X##
#...#.##....# .#
.....#.#...h###
..#..#..##.##E...#
..
.##...#..#....h#
#.##.......##..
#.#
#.#####...####h.#
.# ..#.#..#..##
.## #


You could see a thrashing horror, a water elemental and a raiju.

Vanquished Creatures
  2 hydras
  A vault guard (D:14)
  3 centaur warriors
  A boulder beetle (D:14)
  2 two-headed ogres (D:15)
  2 cyclopes
  A manticore (D:14)
  An unseen horror (D:11)
  2 kobold demonologists (D:9)
  2 ice devils
  A tengu conjurer (D:15)
  A wolf spider simulacrum (D:15)
  A troll (D:14)
  Sigmund (D:3)
  2 wraiths (D:11)
  2 yaks (D:10)
  A basilisk (D:8)
  6 vampire mosquitoes
  2 death yak simulacra (IceCv)
  A water moccasin (D:4)
  6 ogres
  3 centaurs
  2 phantoms (D:7)
  A bullfrog (D:7)
  A kobold brigand (D:9)
  A scorpion (D:4)
  2 water moccasin zombies
  2 water moccasin skeletons
  An elephant simulacrum (IceCv)
  12 wights
  2 howler monkeys (D:12)
  4 centaur zombies
  An orc priest (D:9)
  2 bullfrog skeletons
  2 hounds
  8 orc wizards
  4 iguanas
  A wolf simulacrum (IceCv)
  A hound skeleton (D:4)
  A howler monkey zombie (D:8)
  10 gnolls
  A howler monkey skeleton (D:7)
  9 adders
  A shadow imp (D:6)
  A white imp (D:7)
  An adder skeleton (D:4)
  4 worms
  4 dart slugs
  38 orcs
  6 endoplasms
  6 giant cockroaches
  16 goblins
  19 hobgoblins
  3 jackals (D:3)
  2 quokkas
  7 ball pythons
  4 bats
  2 frilled lizards
  25 kobolds
  5 rats
256 creatures vanquished.

Vanquished Creatures (collateral kills)
  A yak (D:10)
  2 polar bear simulacra (IceCv)
  A spriggan simulacrum (IceCv)
  A troll simulacrum (IceCv)
  2 gnolls (Bailey)
7 creatures vanquished.

Vanquished Creatures (others)
  A freezing wraith (IceCv)
  2 ice devils (IceCv)
  An orc warrior (Bailey)
  A two-headed ogre simulacrum (IceCv)
  An elephant simulacrum (IceCv)
  A polar bear simulacrum (IceCv)
  A troll simulacrum (IceCv)
  A spriggan simulacrum (IceCv)
  A wolf simulacrum (IceCv)
  2 gnolls (Bailey)
  An orc (Bailey)
13 creatures vanquished.

Grand Total: 276 creatures vanquished

Notes
Turn   | Place    | Note
-------+----------+-------------------------------------------
     0 | D:1      | ZeroWinrate the Gnoll Wanderer began the quest for the Orb.
     0 | D:1      | ZeroWinrate set off with the following items: a +2 short
                  | sword, a +0 shortbow, 24 arrows, 11 poisoned darts, a +0
                  | dagger, a +0 leather armour
     0 | D:1      | Reached XP level 1. HP: 20/20 MP: 1/1
   254 | D:1      | Reached XP level 2. HP: 26/26 MP: 2/2
   575 | D:1      | Reached XP level 3. HP: 31/31 MP: 3/3
  1097 | D:2      | Found Nitagh Piurr's Assorted Antiques.
  1115 | D:2      | Found Etruomot's Armour Shoppe.
  1198 | D:2      | Found a faded altar of an unknown god.
  1215 | D:2      | Reached skill level 1 in Invocations
  1236 | D:2      | Found Ehaitzok's Book Shop.
  1340 | D:2      | Reached skill level 1 in Long Blades
  1340 | D:2      | Reached skill level 1 in Axes
  1340 | D:2      | Reached skill level 1 in Maces & Flails
  1340 | D:2      | Reached skill level 1 in Polearms
  1340 | D:2      | Reached skill level 1 in Staves
  1340 | D:2      | Reached skill level 1 in Slings
  1340 | D:2      | Reached skill level 1 in Crossbows
  1340 | D:2      | Reached skill level 1 in Dodging
  1340 | D:2      | Reached skill level 1 in Stealth
  1340 | D:2      | Reached skill level 1 in Shields
  1340 | D:2      | Reached skill level 1 in Unarmed Combat
  1340 | D:2      | Reached skill level 1 in Spellcasting
  1340 | D:2      | Reached skill level 1 in Evocations
  1387 | D:2      | Reached XP level 4. HP: 28/38 MP: 5/5
  1580 | D:2      | Found Jeir Hit's Book Shop.
  1809 | D:2      | Identified the ring "Rarir" {AC+4 Int+3 Dex+7}
  1834 | D:2      | Found a runed translucent door.
  1835 | D:2      | Noticed Crazy Yiuf
  2132 | D:3      | Reached skill level 1 in Conjurations
  2132 | D:3      | Reached skill level 1 in Hexes
  2132 | D:3      | Reached skill level 1 in Summonings
  2132 | D:3      | Reached skill level 1 in Necromancy
  2132 | D:3      | Reached skill level 1 in Translocations
  2132 | D:3      | Reached skill level 1 in Transmutations
  2132 | D:3      | Reached skill level 1 in Fire Magic
  2132 | D:3      | Reached skill level 1 in Ice Magic
  2132 | D:3      | Reached skill level 1 in Air Magic
  2132 | D:3      | Reached skill level 1 in Earth Magic
  2132 | D:3      | Reached skill level 1 in Poison Magic
  2352 | D:3      | Reached XP level 5. HP: 29/43 MP: 6/6
  2678 | D:3      | Noticed Sigmund
  2701 | D:3      | Killed Sigmund
  2702 | D:3      | Reached skill level 5 in Fighting
  2702 | D:3      | Reached skill level 5 in Bows
  2702 | D:3      | Reached XP level 6. HP: 39/51 MP: 7/9
  3135 | D:4      | Noticed a water moccasin
  3153 | D:4      | Killed a water moccasin
  3154 | D:4      | Reached XP level 7. HP: 22/56 MP: 10/10
  4158 | D:4      | Found a staircase to the Ecumenical Temple.
  4735 | D:5      | Entered Level 5 of the Dungeon
  4772 | Temple   | Entered the Ecumenical Temple
  5106 | Temple   | Became a worshipper of Gozag Ym Sagoz the Greedy
  5233 | D:5      | Reached skill level 9 in Short Blades
  5314 | D:5      | Reached XP level 8. HP: 55/63 MP: 12/12
  5353 | D:5      | Found Veyh's Magic Scroll Boutique.
  5372 | D:5      | Bought a scroll of identify for 22 gold pieces
  5372 | D:5      | Bought a scroll of identify for 22 gold pieces
  5372 | D:5      | Bought a scroll of blinking for 82 gold pieces
  5372 | D:5      | Bought a scroll of fog for 22 gold pieces
  5379 | D:5      | Gained mutation: Your spells are a little harder to cast,
                  | but a little more powerful. [potion of mutation]
  5379 | D:5      | Gained mutation: Your spells are harder to cast, but more
                  | powerful. [potion of mutation]
  5390 | D:5      | Lost mutation: Your spells are harder to cast, but more
                  | powerful. [potion of mutation]
  5390 | D:5      | Lost mutation: Your spells are a little harder to cast, but
                  | a little more powerful. [potion of mutation]
  5390 | D:5      | Gained mutation: You have a pair of small antennae on your
                  | head. [potion of mutation]
  5390 | D:5      | Gained mutation: You are weak. (Str -2) [potion of
                  | mutation]
  7106 | D:6      | Lost mutation: You are weak. (Str -2) [potion of mutation]
  7106 | D:6      | Lost mutation: You have a pair of small antennae on your
                  | head. [potion of mutation]
  7106 | D:6      | Gained mutation: You are agile. (Dex +2) [potion of
                  | mutation]
  7107 | D:6      | Lost mutation: You are agile. (Dex +2) [potion of mutation]
  7107 | D:6      | Gained mutation: You have a pair of small horns on your
                  | head. [potion of mutation]
  7194 | D:6      | Found a broken altar of Ashenzari.
  7328 | D:6      | Learned a level 1 spell: Summon Small Mammal
  7603 | D:7      | Found Taynasch's Distillery.
  7611 | D:7      | Bought a potion of haste for 150 gold pieces
  7611 | D:7      | Bought a potion of heal wounds for 75 gold pieces
  7659 | D:7      | Reached XP level 9. HP: 40/69 MP: 14/14
  7888 | D:7      | Noticed a two-headed ogre
  7893 | D:7      | Noticed Zankyou's ghost (novice DEFE)
  7977 | D:7      | Found a transporter.
  7989 | D:7      | Found a transporter.
  8092 | D:7      | Found Xiesh's Magic Scroll Boutique.
  8303 | D:7      | Found Byplapla's Weapon Boutique.
  8789 | D:8      | Reached skill level 5 in Throwing
  8789 | D:8      | Reached skill level 5 in Armour
  8948 | D:8      | Noticed Harold
  9059 | D:9      | Reached skill level 10 in Short Blades
  9059 | D:9      | Reached XP level 10. HP: 79/79 MP: 15/19
  9083 | D:9      | Reached skill level 5 in Conjurations
  9083 | D:9      | Reached skill level 5 in Hexes
  9083 | D:9      | Reached skill level 5 in Summonings
  9083 | D:9      | Reached skill level 5 in Necromancy
  9083 | D:9      | Reached skill level 5 in Translocations
  9083 | D:9      | Reached skill level 5 in Transmutations
  9083 | D:9      | Reached skill level 5 in Fire Magic
  9083 | D:9      | Reached skill level 5 in Ice Magic
  9083 | D:9      | Reached skill level 5 in Air Magic
  9083 | D:9      | Reached skill level 5 in Earth Magic
  9083 | D:9      | Reached skill level 5 in Poison Magic
  9144 | D:9      | Found a flagged portal.
  9199 | D:9      | Noticed a kobold demonologist
  9203 | D:9      | Noticed a kobold demonologist
  9215 | D:9      | Killed a kobold demonologist
  9225 | D:9      | Noticed a rust devil
  9234 | D:9      | Killed a kobold demonologist
  9334 | D:9      | Learned a level 3 spell: Call Canine Familiar
  9338 | D:9      | Learned a level 3 spell: Summon Guardian Golem
  9339 | Bailey   | Entered a bailey
  9348 | Bailey   | Reached skill level 11 in Short Blades
  9348 | Bailey   | Reached XP level 11. HP: 87/87 MP: 19/21
  9898 | Bailey   | Lost mutation: You have a pair of small horns on your head.
                  | [potion of mutation]
  9898 | Bailey   | Gained mutation: You are weak. (Str -2) [potion of
                  | mutation]
  9898 | Bailey   | Gained mutation: You have large cloven feet. [potion of
                  | mutation]
  9898 | Bailey   | Gained mutation: You have a pair of small antennae on your
                  | head. [potion of mutation]
 10621 | D:10     | Entered Level 10 of the Dungeon
 10762 | D:10     | Noticed Nergalle
 10763 | D:10     | Reached XP level 12. HP: 93/93 MP: 21/23
 10764 | D:10     | Reached XP level 13. HP: 99/99 MP: 21/25
 10772 | D:10     | Learned a level 5 spell: Excruciating Wounds
 10867 | D:11     | Got the Collected Works on Flying Moulding
 10888 | D:11     | Learned a level 3 spell: Ozocubu's Armour
 10893 | D:11     | Learned a level 4 spell: Petrify
 10986 | D:11     | Found a frozen archway.
 10994 | IceCv    | Entered an ice cave
 11026 | IceCv    | Reached XP level 14. HP: 66/90 MP: 26/26
 11422 | D:11     | HP: 1/96 [ice devil (11)]
 11675 | D:11     | Lost mutation: You have a pair of small antennae on your
                  | head. [potion of mutation]
 11675 | D:11     | Lost mutation: You have large cloven feet. [potion of
                  | mutation]
 11675 | D:11     | Gained mutation: You have large cloven feet. [potion of
                  | mutation]
 11675 | D:11     | Gained mutation: You have hidden genetic defects. [potion
                  | of mutation]
 11675 | D:11     | Lost mutation: You have hidden genetic defects. [potion of
                  | mutation]
 11983 | D:11     | You fall into a shaft and drop 2 floors!
 12026 | D:12     | Noticed Josephine
 12183 | D:13     | Found a gate to the Vaults.
 12286 | D:14     | Lost mutation: You have large cloven feet. [potion of
                  | mutation]
 12286 | D:14     | Lost mutation: You are weak. (Str -2) [potion of mutation]
 12286 | D:14     | Gained mutation: You are partially covered in iridescent
                  | scales. (AC +2) [potion of mutation]
 12286 | D:14     | Gained mutation: You are agile. (Dex +2) [potion of
                  | mutation]
 12286 | D:14     | Gained mutation: You expend magic power (3 MP) to
                  | strengthen your wands. [potion of mutation]
 12592 | D:14     | Found a sacrificial altar of Ru.
 12647 | D:14     | Found a runed translucent gate.
 12647 | D:14     | Found a runed translucent gate.
 12647 | D:14     | Found a runed translucent gate.
 12647 | D:14     | Noticed Onwo's ghost (journeyman DDNe)
 12687 | D:14     | Found a basalt altar of Yredelemnul.
 12742 | D:14     | Reached skill level 12 in Short Blades
 13186 | D:15     | Entered Level 15 of the Dungeon
 13978 | D:15     | Noticed Louise
 13981 | D:15     | Cast into level 3 of the Abyss (Louise)
 13982 | Abyss:3  | Noticed a tentacled starspawn
 14016 | Abyss:3  | Gained mutation: You passively map a small area around you.
                  | [a neqoxec]
 14019 | Abyss:3  | Noticed a bone dragon
 14102 | Abyss:3  | Found a corrupted altar of Lugonu.
 14102 | Abyss:3  | Noticed a starcursed mass
 14115 | Abyss:3  | Paralysed by accursed screaming for 2 turns
 14127 | Abyss:3  | HP: 5/109 [+0 long sword of holy wrath (7)]
 14180 | Abyss:3  | Noticed a starcursed mass
 14191 | Abyss:3  | Noticed a starcursed mass
 14208 | Abyss:3  | Noticed a tentacled starspawn
 14239 | Abyss:3  | HP: 2/109 [thrashing horror (10)]
 14240 | Abyss:3  | Mangled by a thrashing horror

Illustrated notes

Levels and vault maps discovered:
D:1:      minmay_arrival_checkered_box, layout_loops_corners
D:2:      layout_basic, serial_shops, shop, shop,
          nicolae_shop_temple_entry_statues_fountains, shop,
          hellmonk_ecumenical_altar_run_dry, uniq_crazy_yiuf_cottage
D:3:      layout_basic, amcnicky_mini_pool_small, uniq_sigmund
D:4:      layout_layer_cave, temple_green, corner_web_ring
D:5:      corexii_shantytown, layout_loops_ring, serial_shops, shop
D:6:      layout_cave_pools, evilmike_ruin_ashenzari
D:7:      layout_basic, nzn_ghost_randoct, serial_shops,
          nicolae_take_the_stairs, nicolae_shop_bloodbath_and_beyond, shop
D:8:      kennysheep_blocky_room, layout_loops_ring, uniq_harold
D:9:      layout_gridville, enter_bailey_8
D:10:     minmay_the_grid_triangle_9x9_rhombus_full
          [minmay_the_grid_triangle_9x9_zippers_vertical,
          minmay_the_grid_triangle_9x9_dagger,
          minmay_the_grid_triangle_9x9_cache,
          minmay_the_grid_triangle_9x9_corrupted_corridor,
          minmay_the_grid_triangle_9x9_empty,
          minmay_the_grid_triangle_9x9_warning,
          minmay_the_grid_triangle_9x9_thin_v,
          minmay_the_grid_triangle_9x9_prize_center], layout_basic,
          uniq_nergalle
D:11:     layout_irregular_city, portal_ice_cave_entry_pillars_2,
          roderic_lattice_a
D:12:     layout_roguey, orc_0_dummy, minmay_hedge_maze, uniq_josephine
D:13:     layout_cave_pods, erik_vaults_2, gammafunk_ghost_abyssal_escape,
          roderic_batcave
D:14:     layout_roguey, nicolae_ru_sacrificial_ziggurat,
          nicolae_yredelemnul_ghost_church
D:15:     gammafunk_enter_depths_forms, layout_layer_cave,
          minmay_strange_pillars, moated_statue, uniq_louise
Temple:   mainiacjoe_temple_circle_huts
Abyss:3:  base: D:11, base: Temple, nicolae_abyss_rune_star_stuff,
          evilmike_abyss_exit_14, evilmike_abyss_exit_12,
          evilmike_abyss_rune_tso_outpost, nicolae_abyss_rune_star_stuff

Skill      XL: |  1  2  3  4  5  6  7  8  9 10 11 12 13 14 |
---------------+-------------------------------------------+-----
Invocations    | 1 2 3 4 6 7 8 9 |  9.5
Long Blades    | 1 2 3 6 7 8 |  8.7
Axes           | 1 2 3 6 7 8 |  8.7
Maces & Flails | 1 2 3 6 7 8 |  8.7
Polearms       | 1 2 3 6 7 8 |  8.7
Staves         | 1 2 3 6 7 8 |  8.7
Slings         | 1 2 3 6 7 8 |  8.7
Crossbows      | 1 2 3 6 7 8 |  8.7
Dodging        | 1 2 3 6 7 8 |  8.7
Stealth        | 1 2 3 6 7 8 |  8.7
Shields        | 1 2 3 6 7 8 |  8.7
Unarmed Combat | 1 2 3 6 7 8 |  8.7
Spellcasting   | 1 2 3 6 7 8 |  8.7
Evocations     | 1 2 3 6 7 8 |  8.7
Conjurations   | 1 2 3 4 5 6 7 |  7.3
Hexes          | 1 2 3 4 5 6 7 |  7.3
Summonings     | 1 2 3 4 5 6 7 |  7.3
Necromancy     | 1 2 3 4 5 6 7 |  7.3
Translocations | 1 2 3 4 5 6 7 |  7.3
Transmutations | 1 2 3 4 5 6 7 |  7.3
Fire Magic     | 1 2 3 4 5 6 7 |  7.3
Ice Magic      | 1 2 3 4 5 6 7 |  7.3
Air Magic      | 1 2 3 4 5 6 7 |  7.3
Earth Magic    | 1 2 3 4 5 6 7 |  7.3
Poison Magic   | 1 2 3 4 5 6 7 |  7.3
Throwing       | 3 4 6 7 8 9 |  9.2
Armour         | 3 4 6 7 8 9 |  9.2
Fighting       | 5 6 7 8 9 |  9.9
Bows           | 5 6 7 8 9 |  9.9
Short Blades   | 9 10 11 12 | 12.1

Action                   |  1- 3 |  4- 6 |  7- 9 | 10-12 | 13-15 || total
-------------------------+-------+-------+-------+-------+-------++-------
Melee: Short sword       |    78 |    75 |   285 |    28 |    63 ||   529
       Bite              |     6 |     8 |    46 |    24 |    75 ||   159
       Punch             |     1 |     2 |     8 |    10 |    31 ||    52
       Dagger            |       |       |    93 |   118 |   257 ||   468
       Headbutt          |       |       |    25 |    29 |       ||    54
       Kick              |       |       |       |    19 |    92 ||   111
 Fire: Shortbow          |       |    37 |    29 |    35 |       ||   101
Throw: Dart              |       |     3 |    26 |     2 |     7 ||    38
 Cast: Summon Small Mamm |       |       |     5 |       |     5 ||    10
       Call Canine Famil |       |       |       |     8 |    14 ||    22
       Summon Guardian G |       |       |       |     6 |    10 ||    16
       Excruciating Woun |       |       |       |       |     1 ||     1
       Petrify           |       |       |       |       |    32 ||    32
Invok: Potion Petition   |       |       |       |       |     2 ||     2
       Call Merchant     |       |       |       |       |     1 ||     1
Evoke: Wand              |       |     6 |    11 |     7 |    15 ||    39
       Tin of tremorston |       |       |       |       |     1 ||     1
  Use: Potion            |       |     1 |     5 |     4 |    18 ||    28
       Scroll            |       |     2 |    10 |       |    12 ||    24
 Stab: Sleeping          |     2 |     3 |    11 |     4 |     2 ||    22
       Distracted        |       |       |     4 |       |     2 ||     6
       Paralysed         |       |       |     4 |       |       ||     4
       Petrified         |       |       |       |       |     9 ||     9
       Petrifying        |       |       |       |       |     3 ||     3
Armor: Leather armour    |    14 |    25 |    98 |    29 |    74 ||   240
Dodge: Dodged            |    22 |    58 |   192 |   121 |   188 ||   581

Table legend: (Time is in decaauts)
 A = Elapsed time spent in this place.
 B = Non-inter-level travel time spent in this place.
 C = Inter-level travel time spent in this place.
 D = Time resting spent in this place.
 E = Time spent auto-exploring this place.
 F = Levels seen in this place.
 G = Mean time per level.
                   A        B        C        D        E       F      G
               +--------+--------+--------+--------+--------+-----+--------+
         Total |  13777 |  13219 |    558 |   1674 |   8199 |  19 |  725.1 |
       Dungeon |  12196 |  11683 |    513 |   1425 |   7633 |  15 |  813.1 |
        Temple |    346 |    301 |     45 |      0 |    280 |   1 |  346.0 |
         Abyss |    252 |    252 |      0 |      2 |      0 |   1 |  252.0 |
        Bailey |    596 |    596 |      0 |     90 |    248 |   1 |  596.0 |
      Ice Cave |    384 |    384 |      0 |    156 |     38 |   1 |  384.0 |
               +--------+--------+--------+--------+--------+-----+--------+

Top non-repeatable levels by time:
     D:4: 1714 daAuts
     D:5: 1587 daAuts
    D:14: 1201 daAuts
     D:3: 1163 daAuts
     D:7: 1135 daAuts
     D:1: 1045 daAuts
     D:9: 899 daAuts
     D:2: 802 daAuts
    D:11: 733 daAuts
  Bailey: 596 daAuts
     D:6: 583 daAuts
     D:8: 477 daAuts
    D:15: 470 daAuts
   IceCv: 384 daAuts
  Temple: 346 daAuts
